 Dungeon Crawl Stone Soup version 0.29-a0-997-gf6f7e2dfe7 (webtiles) character file.

Game seed: 7633605433246146424

24372 Newt the Cleaver (level 12, -3/94 HPs)
             Began as a Demonspawn Gladiator on Aug 4, 2022.
             Was an Initiate of Gozag.
             Slain by a polar bear (21 damage)
             ... in an ice cave.
             The game lasted 00:31:06 (12168 turns).

Newt the Cleaver (Demonspawn Gladiator)            Turns: 12168, Time: 00:31:07

Health: -3/94      AC: 27    Str: 22    XL:     12   Next: 80%
Magic:  14/14      EV:  9    Int: 10    God:    Gozag
Gold:   805        SH:  5    Dex: 15    Spells: 11/11 levels left

rFire   . . .      SeeInvis .   a - +1 war axe (flame)
rCold   + . .      Faith    .   (no shield)
rNeg    . . .      Spirit   .   X - +2 crystal plate armour {rC+}
rPois   +          Reflect  +   L - +2 hat
rElec   .          Harm     .   A - +0 cloak
rCorr   .          Rampage  .   (no gloves)
Will    .....                   U - +0 pair of boots
Stlth   ..........              S - amulet "Lusysch" {Reflect Fragile +Inv Str+3 SH+5}
HPRegen 0.25/turn               r - +4 ring of evasion
MPRegen 0.14/turn               D - ring of poison resistance

@: invisible
A: powered by death 1, sharp scales 3, bedeviling, demonic touch 1
a: Renounce Religion, Evoke Invisibility, Potion Petition, Call Merchant, Bribe
Branch


You were in an ice cave.
You worshipped Gozag.
Gozag was pleased with you.
You visited 2 branches of the dungeon, and saw 12 of its levels.
You also visited: Bailey and Ice Cave.

You collected 1663 gold pieces.
You spent 670 gold pieces at shops.
You paid 188 gold pieces to Gozag.

Inventory:

Hand Weapons
 a - a +1 war axe of flaming (weapon)
 C - the +5 spear of Woagrue {freeze, rElec rC+ Str+4}
   (You found it on level 8 of the Dungeon)

   It freezes those it strikes, dealing additional cold damage.
   It can also slow down cold-blooded creatures.
   Str:       It affects your strength (+4).
   rC:        It protects you from cold.
   rElec:     It insulates you from electricity.
Missiles
 d - 2 throwing nets
 e - 14 javelins (quivered)
 i - 24 poisoned darts
 I - 5 boomerangs
Armour
 b - a +0 leather armour
 c - a +0 helmet
 g - a +0 chain mail
 z - +2 storm dragon scales
 A - a +0 cloak (worn)
 H - a +0 plate armour
 L - a +2 hat (worn)
 N - the +6 chain mail of Jutoh {Will++}
   (You found it on level 8 of the Dungeon)

   Will:      It greatly increases your willpower.
 U - a +0 pair of boots (worn)
 X - a +2 crystal plate armour of cold resistance (worn)
Jewellery
 k - an amulet of magic regeneration
 l - an amulet of reflection
 n - a ring of magical power
 r - a +4 ring of evasion (left hand)
 y - an amulet of regeneration
 D - a ring of poison resistance (right hand)
 O - a ring of resist corrosion
 S - the amulet "Lusysch" (around neck) {Reflect Fragile +Inv Str+3 SH+5}
   (You bought it in a shop on level 9 of the Dungeon)

   [amulet of reflection]

   It reflects blocked missile attacks.
   Str:       It affects your strength (+3).
   +Inv:      It lets you turn invisible.
   Fragile:   It will be destroyed if unequipped.
   SH:        It affects your SH (+5).
 W - a +6 ring of intelligence
Wands
 f - a wand of flame (24)
 x - a wand of iceblast (11)
 G - a wand of acid (9)
 K - a wand of paralysis (11)
 P - a wand of polymorph (5)
Scrolls
 p - 2 scrolls of fog
 q - a scroll of fear
 t - a scroll of magic mapping
 w - 3 scrolls of enchant armour
 F - 3 scrolls of teleportation
 J - a scroll of blinking
Potions
 h - a potion of degeneration
 o - a potion of flight
 s - a potion of invisibility
 u - a potion of berserk rage
 v - 5 potions of attraction
 B - a potion of magic
 E - 2 potions of mutation
 M - a potion of lignification
 R - a potion of resistance
Miscellaneous
 V - a lightning rod (inert)


   Skills:
 + Level 8.6 Fighting
 * Level 13.9(14.2) Axes
 * Level 5.1(10.4) Polearms
 * Level 7.7 Throwing
 + Level 6.4 Armour
 + Level 5.0 Dodging
 - Level 0.3 Shields
 + Level 3.6 Invocations
 + Level 3.2 Evocations


You had 11 spell levels left.
You didn't know any spells.
Your spell library contained the following spells:

 Spells                   Type           Power      Damage    Failure   Level
 Magic Dart               Conj           0%         1d3       100%        1
 Summon Small Mammal      Summ           0%         N/A       100%        1
 Ensorcelled Hibernation  Hex/Ice        0%         N/A       100%        2
 Passwall                 Tmut/Erth      0%         N/A       100%        2
 Searing Ray              Conj           0%         2d4       100%        2
 Static Discharge         Conj/Air       0%         3-3/arc   100%        2
 Call Canine Familiar     Summ           0%         N/A       100%        3
 Portal Projectile        Hex/Tloc       0%         N/A       100%        3
 Summon Guardian Golem    Hex/Summ       0%         N/A       100%        3
 Swiftness                Air            0%         N/A       100%        3
 Fulminant Prism          Conj/Hex       0%         3d6       100%        4
 Leda's Liquefaction      Hex/Erth       0%         N/A       100%        4
 Olgreb's Toxic Radiance  Pois           0%         N/A       100%        4
 Alistair's Intoxication  Tmut/Pois      0%         N/A       100%        5
 Blade Hands              Tmut           0%         N/A       100%        5
 Borgnjor's Vile Clutch   Necr/Erth      0%         N/A       100%        5
 Irradiate                Conj/Tmut      0%         3d11      100%        5
 Lightning Bolt           Conj/Air       0%         1d11      100%        5
 Eringya's Noxious Bog    Tmut/Pois      0%         N/A       100%        6
 Dragon Form              Tmut           0%         N/A       100%        7
 Ozocubu's Refrigeration  Ice            0%         4d7       100%        7
 Ignition                 Fire           0%         3d3       100%        8
 Maxwell's Capacitive Co  Air            0%         ∞         100%        8


Dungeon Overview and Level Annotations

Branches:
Dungeon (11/15)            Temple (1/1) D:4            Lair (0/5) D:11
 Bailey (visited)           IceCv (1/1)
    Orc: D:9-12

Altars:
Ashenzari
Cheibriados
Dithmenos
Fedhas
Gozag
Hepliaklqana
Kikubaaqudgha
Makhleb
Nemelex Xobeh
Okawaru
Qazlal
Ru
Sif Muna
Trog
Uskayaw
Vehumet
Wu Jian
Xom
Yredelemnul

Shops:
D:2 *   D:8 [   D:9 =

Annotations:
D:3 exclusion: statue
D:5 2 transporters
D:9 1 transporter, jlumianski's ghost, novice DsFi
D:11 1 runed translucent door, drugrobin's ghost, journeyman DgFi


Innate Abilities, Weirdness & Mutations

You regenerate a little health from kills.
You are completely covered in razor-sharp scales. (AC +3, Slay +3)
Your hexes are more powerful.
Your touch may inflict minor irresistible damage on your foes.


Message History

You block the polar bear's attack.
The polar bear claws you but does no damage.
You feel better.
The polar bear bites you but does no damage.
The polar bear claws you but does no damage. x2
You block the polar bear's attack.
The polar bear claws you but does no damage. x2
You feel better. The polar bear bites you!
* * * LOW HITPOINT WARNING * * *
The polar bear claws you but does no damage. x2
Unknown command.
You feel better. You block the polar bear's attack.
The polar bear claws you but does no damage. x2
The polar bear bites you but does no damage.
You block the polar bear's attack.
The polar bear claws you but does no damage.
Unknown command.
Read: 2 scrolls of fear
Press: ? - help, Q - select action, (/) - cycle Dir - look around, f - activate Look: a polar bear (unable to see you, chance to affect: 97%)
As you read the scroll of fear, it crumbles to dust.
You assume a fearsome visage.
The polar bear looks frightened!
The polar bear is unaffected.
You feel less wooden.
Your +0 cloak unmelds from your body.
Your +2 hat unmelds from your body.
Your +0 pair of boots unmelds from your body.
Your +2 crystal plate armour of cold resistance unmelds from your body.
You feel resistant to cold.
The polar bear bites you but does no damage.
The polar bear closely misses you. x2
You closely miss the polar bear.
You touch the polar bear.
The polar bear is severely wounded.
The polar bear bites you but does no damage.
The polar bear claws you but does no damage. x2
You closely miss the polar bear.
You touch the polar bear.
You punch the polar bear.
The polar bear is almost dead.
The polar bear bites you!!
You die...
Your body crumbles into a pile of gold.

#..##...#...##..# ##.#...#
##...#.##.⌠.###.####.h..#~#
#..#.###...####.#.#.#.##Y#
##.##.##....###.#...#####$
#..#.##..#..##....## #h
##.#.#####.###.Y### ##
#...####..#...## #≈
##..##.#hY#..## #~
#.#.#.@#...## #~
####...##.## ## #.###### ##
### #. #. #. ## # #


You could see a polar bear (berserk, unable to see you) and a yak (unable to see
you).

Vanquished Creatures
  A boulder beetle (D:11)
  A two-headed ogre (D:9)
  4 death yaks
  The ghost of Nato the Cleaver, a novice HOFi (D:6)
  An orc knight (Bailey)
  An ugly thing (IceCv)
  2 cyclopes
  An ice statue (IceCv)
  2 ice devils (D:11)
  A troll (D:11)
  4 polar bears (IceCv)
  Prince Ribbit (D:9)
  Grinder (D:4)
  A hornet (D:9)
  A shadow (D:9)
  Sigmund (D:5)
  A wyvern (D:9)
  2 wraiths
  Eustachio (D:5)
  30 yaks
  Grum (D:9)
  Menkaure (D:5)
  3 steam dragons
  An acid dragon (D:10)
  A sky beast (D:7)
  2 ice beasts (D:6)
  11 orc warriors
  An ogre (D:4)
  A black bear (D:5)
  17 wolves
  5 centaurs
  A phantom (D:6)
  A kobold brigand (D:7)
  6 bullfrogs
  2 gnoll sergeants
  3 scorpions
  14 killer bees
  6 howler monkeys
  A jelly (D:6)
  5 hounds
  An orc priest (D:8)
  Crazy Yiuf (D:4)
  6 orc wizards
  A hell rat (D:11)
  12 gnolls
  9 adders
  3 shadow imps
  2 white imps (D:7)
  3 ufetubi
  A worm (D:2)
  2 dart slugs
  32 orcs
  6 endoplasms
  A giant cockroach (D:3)
  7 hobgoblins
  4 jackals (D:3)
  16 kobolds
  6 quokkas
  8 ball pythons
  7 bats
  8 frilled lizards
  6 goblins
  8 rats
291 creatures vanquished.

Vanquished Creatures (others)
  An orc warrior (Bailey)
1 creature vanquished.

Grand Total: 292 creatures vanquished

Notes
Turn   | Place    | Note
-------+----------+-------------------------------------------
     0 | D:1      | Newt the Demonspawn Gladiator began the quest for the Orb.
     0 | D:1      | Reached XP level 1. HP: 16/16 MP: 1/1
   210 | D:1      | Gained mutation: You are partially covered in razor-sharp
                  | scales. (AC +1, Slay +1) [demonic ancestry]
   210 | D:1      | Reached XP level 2. HP: 14/22 MP: 2/2
   447 | D:1      | Reached skill level 3 in Axes
   935 | D:1      | Gained mutation: Your touch may inflict minor irresistible
                  | damage on your foes. [demonic ancestry]
   935 | D:1      | Reached XP level 3. HP: 27/27 MP: 3/3
  1258 | D:2      | Found Lukeh's Assorted Antiques.
  1587 | D:2      | Found a faded altar of an unknown god.
  1594 | D:2      | Identified the +3 cloak of Cheibriados's Envy {Regen+
                  | Dex+2}
  1852 | D:3      | Found a radiant altar of Vehumet.
  1852 | D:3      | Noticed a charred statue
  1905 | D:3      | Reached XP level 4. HP: 30/34 MP: 4/4
  2060 | D:3      | Reached skill level 4 in Axes
  2466 | D:3      | Found a shimmering blue altar of Sif Muna.
  2514 | D:4      | Found a staircase to the Ecumenical Temple.
  2525 | Temple   | Entered the Ecumenical Temple
  2772 | D:4      | Noticed an ogre
  2775 | D:4      | Noticed a scorpion
  2787 | D:4      | Killed an ogre
  2787 | D:4      | Killed a scorpion
  2788 | D:4      | Reached skill level 5 in Axes
  2788 | D:4      | Reached skill level 1 in Armour
  2788 | D:4      | Reached XP level 5. HP: 40/40 MP: 5/5
  2788 | D:4      | Gained mutation: You regenerate a little health from kills.
                  | [demonic ancestry]
  2788 | D:4      | Reached XP level 6. HP: 46/46 MP: 6/6
  2816 | D:4      | Found an ancient bone altar of Kikubaaqudgha.
  2954 | D:4      | Noticed Grinder
  2964 | D:4      | Killed Grinder
  2965 | D:4      | Reached XP level 7. HP: 49/52 MP: 7/7
  3145 | D:4      | Found a runed translucent door.
  3146 | D:4      | Noticed Crazy Yiuf
  3236 | D:4      | Reached skill level 6 in Axes
  3707 | D:4      | Killed Crazy Yiuf
  3745 | D:5      | Entered Level 5 of the Dungeon
  3799 | D:5      | Noticed Menkaure
  3892 | D:5      | You fall into a shaft and drop 2 floors!
  4127 | D:7      | Found an iron altar of Okawaru.
  4396 | D:6      | Noticed Nato's ghost (novice HOFi)
  4401 | D:6      | Reached skill level 7 in Axes
  4401 | D:6      | Gained mutation: You are mostly covered in razor-sharp
                  | scales. (AC +2, Slay +2) [demonic ancestry]
  4401 | D:6      | Reached XP level 8. HP: 41/60 MP: 8/8
  4504 | D:6      | Found a stormy altar of Qazlal.
  4736 | D:6      | Reached skill level 8 in Axes
  4980 | D:6      | Found a runed translucent door.
  5007 | D:6      | Killed Nato's ghost
  5008 | D:6      | Reached skill level 5 in Fighting
  5008 | D:6      | Reached XP level 9. HP: 50/68 MP: 9/9
  5394 | D:5      | Noticed Sigmund
  5399 | D:5      | Killed Sigmund
  5400 | D:5      | Reached skill level 9 in Axes
  5579 | D:5      | Found a bloodstained altar of Trog.
  5627 | D:5      | Killed Menkaure
  5853 | D:5      | Found a transporter.
  5856 | D:5      | Found a transporter.
  5959 | D:5      | Noticed Eustachio
  5967 | D:5      | Killed Eustachio
  6371 | D:7      | Reached skill level 10 in Axes
  6852 | D:8      | Found a flagged portal.
  6861 | Bailey   | Entered a bailey
  6930 | Bailey   | Reached XP level 10. HP: 14/76 MP: 10/10
  7800 | Bailey   | Noticed an orc knight
  7803 | Bailey   | Killed an orc knight
  7804 | Bailey   | Reached skill level 11 in Axes
  7852 | Bailey   | Reached skill level 5 in Armour
  7852 | Bailey   | Gained mutation: Your hexes are more powerful. [demonic
                  | ancestry]
  7852 | Bailey   | Reached XP level 11. HP: 84/84 MP: 10/13
  7879 | D:8      | Identified the +5 spear of Woagrue {freeze, rElec rC+
                  | Str+4}
  8087 | D:8      | Reached skill level 1 in Polearms
  8204 | D:8      | Identified the +6 chain mail of Jutoh {Will++}
  8209 | D:8      | Found Dafekics's Antique Armour Shoppe.
  8642 | D:8      | Found an opulent altar of Gozag.
  8700 | D:8      | Became a worshipper of Gozag Ym Sagoz the Greedy
  8771 | D:9      | Found a transporter.
  8774 | D:9      | Noticed Prince Ribbit
  8790 | D:9      | Killed Prince Ribbit
  8791 | D:9      | Reached skill level 12 in Axes
  8938 | D:9      | Noticed a two-headed ogre
  8942 | D:9      | Found a transporter.
  8948 | D:9      | Found a bloodstained altar of Trog.
  8949 | D:9      | Noticed a two-headed ogre
  8949 | D:9      | Noticed a tengu warrior
  8949 | D:9      | Noticed jlumianski's ghost (novice DsFi)
  8961 | D:9      | Noticed a two-headed ogre
  8961 | D:9      | Noticed a two-headed ogre
  8991 | D:9      | Found Xoojoige's Jewellery Emporium.
  9099 | D:9      | Noticed a two-headed ogre
  9110 | D:9      | Killed a two-headed ogre
  9344 | D:9      | Noticed Grum
  9362 | D:9      | Killed Grum
  9570 | D:9      | Found a broken altar of Ashenzari.
  9770 | D:10     | Entered Level 10 of the Dungeon
  9858 | D:9      | Bought the amulet "Lusysch" {Reflect Fragile +Inv Str+3
                  | SH+5} for 670 gold pieces
  9975 | D:10     | Found a blossoming altar of Fedhas.
  9975 | D:10     | Found a basalt altar of Yredelemnul.
  9989 | D:10     | Found a faded altar of an unknown god.
  9997 | D:10     | Found a snail-covered altar of Cheibriados.
  9999 | D:10     | Found a sacrificial altar of Ru.
 10460 | D:10     | Gained mutation: You are completely covered in razor-sharp
                  | scales. (AC +3, Slay +3) [demonic ancestry]
 10460 | D:10     | Reached XP level 12. HP: 92/92 MP: 14/14
 10766 | D:11     | Identified the +1 plate armour of Wasted Space {rN+ Will+
                  | Str+8 Int-5}
 10803 | D:11     | Found a runed translucent door.
 10804 | D:11     | Noticed drugrobin's ghost (journeyman DgFi)
 10979 | D:11     | Found a staircase to the Lair.
 10980 | D:11     | Noticed a death yak
 10981 | D:11     | Noticed a death yak
 10982 | D:11     | Noticed a death yak
 10995 | D:11     | Noticed a boulder beetle
 11015 | D:11     | Killed a boulder beetle
 11224 | D:11     | Killed a death yak
 11225 | D:11     | Reached skill level 5 in Dodging
 11229 | D:11     | Killed a death yak
 11232 | D:11     | Killed a death yak
 11298 | D:11     | Found a frozen archway.
 11302 | D:11     | Reached skill level 13 in Axes
 11317 | IceCv    | Entered an ice cave
 11369 | IceCv    | HP: 3/93 [white ugly thing (22)]
 11893 | IceCv    | Noticed a death yak
 11899 | IceCv    | Killed a death yak
 11904 | IceCv    | Reached skill level 5 in Polearms
 12060 | IceCv    | Noticed an ironbound frostheart
 12060 | IceCv    | Noticed an ironbound frostheart
 12159 | IceCv    | HP: 1/141 [polar bear (11)]
 12168 | IceCv    | Slain by a polar bear

Illustrated notes

Levels and vault maps discovered:
D:1:      psy_arrival_basics, layout_rooms, minmay_misc_feat_enclosed,
          hangedman_decor_slide_cut
D:2:      layout_rooms, serial_shops, shop,
          dreamdust_ecumenical_altar_angels_and_demons, minmay_split_cup_large
D:3:      minmay_chambers_of_twos, layout_loops_cross,
          nicolae_overflow_crystal_walls, mainiacjoe_overflow_alcove_1,
          vehumet_statue
D:4:      layout_loops_ring, mainiacjoe_overflow_cross_hatched,
          minmay_temple_entry_statues_fountains, uniq_crazy_yiuf_cottage,
          uniq_grinder
D:5:      layout_rooms, gammafunk_temple_overflow_arena, chequers_avenue,
          uniq_sigmund, uniq_eustachio, uniq_menkaure
D:6:      layout_basic, mainiacjoe_overflow_chevrons,
          hellmonk_ghost_happy_afterlife, serial_glass, glass_columns_a,
          glass_columns_b
D:7:      layout_loops_ring, lemuel_coloured_pillars_altar, minmay_puff
D:8:      layout_gridville, lemuel_tele_altar, serial_shops,
          kennysheep_mini_moat, enter_bailey_2
D:9:      layout_roguey, lemuel_doored_altar, gammafunk_ghost_wrathful_warriors,
          serial_shops, shop, uniq_prince_ribbit1, uniq_grum
D:10:     layout_loops_ring, chequers_temple_overflow_minitemple
D:11:     layout_cave_pods, dpeg_lair_monsters, portal_ice_cave_demonic_guard,
          ebering_ghost_reflecting_pool, small_statue_intersection
Temple:   jpeg_temple_island
IceCv:    ice_cave_caverns_03

Skill      XL: |  1  2  3  4  5  6  7  8  9 10 11 12 |
---------------+-------------------------------------+-----
Dodging        | 3 4 5 |  5.0
Axes           | 3 5 7 8 10 11 12 13 | 13.9
Throwing       | 2 3 6 7 |  7.7
Armour         | 1 2 3 4 5 6 |  6.4
Fighting       | 3 4 5 6 7 8 |  8.6
Invocations    | 3 |  3.6
Evocations     | 2 3 |  3.2
Polearms       | 3 5 |  5.1
Shields        | |  0.3

Action                   |  1- 3 |  4- 6 |  7- 9 | 10-12 || total
-------------------------+-------+-------+-------+-------++-------
Melee: War axe           |    98 |    51 |   297 |   306 ||   752
       Punch             |     1 |       |     2 |     4 ||     7
       Touch             |     7 |     8 |    37 |    86 ||   138
       Spear             |       |       |       |    76 ||    76
Throw: Throwing net      |     1 |     1 |       |       ||     2
       Dart              |     1 |       |       |     3 ||     4
       Javelin           |       |     1 |     2 |    37 ||    40
Evoke: Wand              |       |       |     1 |     5 ||     6
       Lightning rod     |       |       |       |     5 ||     5
  Use: Scroll            |     9 |     2 |    11 |    13 ||    35
       Potion            |       |       |     6 |    15 ||    21
 Stab: Invisible         |       |       |     4 |       ||     4
       Distracted        |       |       |       |     4 ||     4
Armor: Chain mail        |    70 |    50 |    69 |   117 ||   306
       Skin              |       |       |     8 |    51 ||    59
       Plate armour      |       |       |    58 |    19 ||    77
       Crystal plate arm |       |       |       |     7 ||     7
Dodge: Dodged            |    29 |    26 |   174 |   210 ||   439
Block: Other             |     7 |    13 |    67 |    88 ||   175
       Tower shield      |       |     4 |       |       ||     4
       Reflection        |       |       |     7 |    10 ||    17

Table legend: (Time is in decaauts)
 A = Elapsed time spent in this place.
 B = Non-inter-level travel time spent in this place.
 C = Inter-level travel time spent in this place.
 D = Time resting spent in this place.
 E = Time spent auto-exploring this place.
 F = Levels seen in this place.
 G = Mean time per level.
                   A        B        C        D        E       F      G
               +--------+--------+--------+--------+--------+-----+--------+
         Total |  12280 |  11655 |    625 |   1603 |   7861 |  14 |  877.1 |
       Dungeon |  10087 |   9534 |    553 |    687 |   7172 |  11 |  917.0 |
        Temple |    288 |    216 |     72 |      0 |    208 |   1 |  288.0 |
        Bailey |   1079 |   1079 |      0 |    596 |    240 |   1 | 1079.0 |
      Ice Cave |    825 |    825 |      0 |    320 |    240 |   1 |  825.0 |
               +--------+--------+--------+--------+--------+-----+--------+

Top non-repeatable levels by time:
     D:9: 1112 daAuts
  Bailey: 1079 daAuts
     D:1: 1069 daAuts
     D:6: 1051 daAuts
     D:8: 1017 daAuts
     D:7: 1002 daAuts
     D:4: 997 daAuts
     D:5: 893 daAuts
   IceCv: 825 daAuts
    D:10: 779 daAuts
     D:3: 767 daAuts
     D:2: 721 daAuts
    D:11: 675 daAuts
  Temple: 288 daAuts
